 Dungeon Crawl Stone Soup version 0.30-b1-2-g02819fbbbe (webtiles) character file.

Game seed: 10095119295907284192

161698 Armakuni the Spry (level 17, -7/142 HPs)
             Began as a Merfolk Monk on May 18, 2023.
             Was an Initiate of Gozag.
             Killed from afar by a shock serpent (14 damage)
             ... with a bolt of electricity
             ... on level 3 of the Snake Pit.
             The game lasted 01:27:06 (27482 turns).

Armakuni the Spry (Merfolk Monk)                   Turns: 27482, Time: 01:27:07

Health: -7/142     AC: 25    Str: 19    XL:     17   Next: 79%
Magic:  14/26      EV: 23    Int: 10    God:    Gozag
Gold:   2565       SH: 15    Dex: 22    Spells: 16/16 levels left

rFire   . . .        a - +7 scimitar (heavy)
rCold   + . .        Q - +2 kite shield
rNeg    . . .        l - +5 swamp dragon scales
rPois   +            O - +2 helmet
rElec   .            V - +2 cloak
rCorr   .            h - +0 pair of gloves
SInv    .            r - +1 pair of boots
Will    +++..        R - amulet of regeneration
Stlth   +            G - ring of willpower
HPRegen 1.23/turn    W - ring "Muor" {rC+ Will+ MP+9 Str+6}
MPRegen 0.20/turn

%: no passive effects
@: marked, weakened, gold aura
A: (nimble swimmer 2), mertail
a: Renounce Religion, Potion Petition, Call Merchant, Bribe Branch


You were on level 3 of the Snake Pit.
You worshipped Gozag.
Gozag was most pleased with you.
You visited 5 branches of the dungeon, and saw 27 of its levels.
You also visited: Ossuary, Ice Cave and Volcano.

You collected 11432 gold pieces.
You spent 4200 gold pieces at shops.
You paid 4667 gold pieces to Gozag.

Inventory:

Hand Weapons
 a - a +7 heavy scimitar (weapon)
 b - a +3 heavy hand crossbow
Armour
 h - a +0 pair of gloves (worn)
 l - +5 swamp dragon scales (worn)
 r - a +1 pair of boots (worn)
 A - a +2 tower shield of protection
 O - a +2 helmet (worn)
 Q - a +2 kite shield (worn)
 V - a +2 cloak (worn)
Jewellery
 s - a ring of ice
 G - a ring of willpower (left hand)
 K - a ring of resist corrosion
 R - an amulet of regeneration (around neck)
 W - the ring "Muor" (right hand) {rC+ Will+ MP+9 Str+6}
   (You bought it in a shop on level 12 of the Dungeon)

   [ring of strength]

   Str:       It affects your strength (+6).
   rC:        It protects you from cold.
   MP:        It affects your magic capacity (+9).
   Will:      It increases your willpower.
Wands
 d - a wand of quicksilver (6)
 k - a wand of flame (30)
 p - a wand of paralysis (6)
 B - a wand of roots (10)
 J - a wand of polymorph (15)
Scrolls
 j - 3 scrolls of immolation
 o - a scroll of silence
 v - 2 scrolls of vulnerability
 y - 3 scrolls of noise
 F - 4 scrolls of amnesia
 H - 3 scrolls of teleportation
 P - 2 scrolls of fog
 T - 10 scrolls of identify
Potions
 c - 5 potions of ambrosia
 f - 5 potions of flight
 g - 6 potions of brilliance
 m - 6 potions of cancellation
 n - 3 potions of heal wounds
 q - 7 potions of attraction
 t - 11 potions of curing
 u - 3 potions of mutation
 w - 6 potions of haste
 z - 3 potions of lignification
 C - 3 potions of magic
 D - 3 potions of might
 S - a potion of invisibility
Miscellaneous
 i - a box of beasts
 x - a tin of tremorstones (2/2)
 I - a phantom mirror


   Skills:
 - Level 15.5 Fighting
 - Level 14.1 Long Blades
 - Level 14.0 Polearms
 + Level 9.1 Ranged Weapons
 - Level 10.0 Armour
 - Level 17.2 Dodging
 - Level 11.4 Shields
 - Level 5.0 Evocations


You had 16 spell levels left.
You didn't know any spells.
Your spell library contained the following spells:

 Spells                   Type           Power      Damage    Failure   Level
 Freeze                   Ice            0%         1d3       73%         1
 Magic Dart               Conj           0%         1d3       73%         1
 Call Imp                 Summ           0%         N/A       86%         2
 Ensorcelled Hibernation  Hex/Ice        0%         N/A       86%         2
 Passwall                 Tmut/Erth      0%         N/A       86%         2
 Searing Ray              Conj           0%         2d4       86%         2
 Sublimation of Blood     Necr           0%         N/A       86%         2
 Frozen Ramparts          Ice            0%         1d1       97%         3
 Hailstorm                Conj/Ice       0%         3d3       97%         3
 Mephitic Cloud           Conj/Pois/Air  0%         N/A       97%         3
 Spider Form              Tmut/Pois      0%         N/A       97%         3
 Summon Guardian Golem    Hex/Summ       0%         N/A       97%         3
 Swiftness                Air            0%         N/A       97%         3
 Vhi's Electric Charge    Tloc/Air       0%         N/A       97%         3
 Volatile Blastmotes      Fire/Tloc      0%         2d10      97%         3
 Anguish                  Hex/Necr       0%         N/A       100%        4
 Animate Armour           Summ/Erth      0%         N/A       100%        4
 Fulminant Prism          Conj/Hex       0%         3d5       100%        4
 Ice Form                 Ice/Tmut       0%         N/A       100%        4
 Iskenderun's Mystic Bla  Conj/Tloc      0%         2d3       100%        4
 Olgreb's Toxic Radiance  Pois           0%         N/A       100%        4
 Petrify                  Tmut/Erth      0%         N/A       100%        4
 Arcjolt                  Conj/Air       0%         1d10      100%        5
 Blade Hands              Tmut           0%         N/A       100%        5
 Borgnjor's Vile Clutch   Necr/Erth      0%         N/A       100%        5
 Irradiate                Conj/Tmut      0%         3d11      100%        5
 Lee's Rapid Deconstruct  Erth           0%         3d4*      100%        5
 Death Channel            Necr           0%         N/A       100%        6
 Iron Shot                Conj/Erth      0%         9d1       100%        6
 Plasma Beam              Fire/Air       0%         2x1d11    100%        6
 Haunt                    Necr/Summ      0%         N/A       100%        7
 Orb of Destruction       Conj           0%         9d5       100%        7
 Spellforged Servitor     Conj/Summ      0%         N/A       100%        7
 Discord                  Hex            0%         N/A       100%        8
 Ignition                 Fire           0%         3d3       100%        8
 Infestation              Necr           0%         N/A       100%        8
 Animate Dead             Necr           Unusable   N/A       N/A         4
 Simulacrum               Ice/Necr       Unusable   N/A       N/A         6

Dungeon Overview and Level Annotations

Branches:
Dungeon (15/15)            Temple (1/1) D:4            Lair (5/5) D:10
 Shoals (0/4) Lair:3        Snake (4/4) Lair:3        Slime (0/5) Lair:5
    Orc (2/2) D:12            Elf (0/3) Orc:2        Vaults (0/5) D:14
 Depths (0/4) D:15        Ossuary (visited)           IceCv (visited)
Volcano (visited)

Altars:
Ashenzari
Cheibriados
Dithmenos
Elyvilon
Fedhas
Gozag
Hepliaklqana
Kikubaaqudgha
Makhleb
Nemelex Xobeh
Okawaru
Qazlal
Ru
Sif Muna
Trog
Uskayaw
Vehumet
Wu Jian
Xom
Yredelemnul
Zin
The Shining One
Jiyva
Lugonu

Shops:
D:3 (   D:8 [   D:12 =[   D:13 *   Orc:2 !!(?   Lair:1 (==((

Portals:
Abyss: Lair:5

Annotations:
D:11 1 runed translucent door, exclusion: door, sanka's ghost, journeyman DgEn
D:12 3 runed translucent doors


Innate Abilities, Weirdness & Mutations

((You are very nimble when in or above water. (Stealth+, EV+, Speed+++)))
Your lower body shifts to a powerful aquatic tail in water.


Message History

The bolt of electricity hits the black mamba!
The black mamba dies!
You are too injured to fight recklessly!
You are too injured to fight recklessly!
You are too injured to fight recklessly!
You are too injured to fight recklessly!
You slice the shock serpent!!
The shock serpent is heavily wounded.
The shock serpent's electric aura discharges, shocking you!
The black mamba closely misses you.
The black mamba bites you but does no damage.
The shock serpent shoots out a bolt of lightning at you!
The bolt of electricity hits you! The bolt of electricity hits you.
* * * LOW HITPOINT WARNING * * *
You block the black mamba's attack. x2; The shock serpent bites you.
* * * LOW HITPOINT WARNING * * *
The shock serpent shocks you!
* * * LOW HITPOINT WARNING * * *
You hit the shock serpent.
The shock serpent is heavily wounded.
You block the black mamba's attack. x2
The shock serpent shoots out a bolt of lightning at you!
The bolt of electricity misses you. x2; The black mamba barely misses you.
The black mamba completely misses you.
The shock serpent completely misses you.
You block the black mamba's attack.
You slice the shock serpent!!
The shock serpent is almost dead.
The shock serpent's electric aura discharges, shocking you!
* * * LOW HITPOINT WARNING * * *
The mana viper is no longer distracted by gold.
The black mamba completely misses you.
The mana viper is distracted by your dazzling golden aura.
You block the black mamba's attack. The black mamba bites you.
* * * LOW HITPOINT WARNING * * *
The shock serpent shoots out a bolt of lightning at you!
The bolt of electricity hits you but does no damage.
The bolt of electricity hits you!
You die...
Your body crumbles into a pile of gold.

##...### ##..#.##
##....## #########
##....## #.......##
##....## #........##
##...#.## #....#.>..##
##.......##
#######....###SSS##....##
##...(#.$@#####...##
##.##..S## #....##
##....## ##....## ######
###...# ##...^# .....##
#...### ##...# ....[.##
##.....## #...# .......##
##.......## #...#
####....###.#.##....#
#...# ##....#...####...#
#...#


You could see a shock serpent, a mana viper (unaware) and 2 black mambas.

Vanquished Creatures
  Mara (Snake:3)
  Kirke (D:14)
  3 nagarajas
  A frost giant (IceCv)
  Snorg (D:10)
  Josephine (D:12)
  4 vault guards
  3 hydras
  A spriggan zombie (D:15)
  An ice dragon (Orc:2)
  2 catoblepae
  2 ogre magi (Orc:2)
  7 anacondas
  8 two-headed ogres
  4 boulder beetles
  11 centaur warriors
  A two-headed ogre (shapeshifter) (Lair:5)
  6 naga warriors
  5 death yaks (IceCv)
  A tengu warrior (D:15)
  A vampire mage (D:15)
  4 shock serpents
  A naga sharpshooter (Snake:1)
  4 thrashing horrors (Lair:5)
  A fire crab (Volcano)
  A salamander mystic (Snake:2)
  6 skeletal warriors
  3 skysharks
  A phantasmal warrior (D:15)
  2 deep trolls (Orc:2)
  3 naga ritualists
  The ghost of Raspi the Trooper, a novice MiAr (D:4)
  3 deep elf pyromancers
  A necromancer (D:14)
  A lindwurm (Volcano)
  3 orc knights
  A harpy (shapeshifter) (D:15)
  3 orc sorcerers (Orc:1)
  A shadow dragon zombie (D:15)
  4 mana vipers
  A frost giant zombie (D:15)
  20 ugly things
  10 elephants
  8 salamanders
  6 manticores
  An oklob plant (Lair:2)
  5 cyclopes
  An iron dragon zombie (D:15)
  12 naga magi
  A merfolk siren (Lair:3)
  An ice statue (IceCv)
  33 black mambas
  2 demonic crawlers (D:14)
  3 unseen horrors
  A smoke demon (Lair:5)
  A torpor snail (Lair:1)
  13 cane toads
  4 rime drakes
  A kobold demonologist (D:13)
  8 komodo dragons
  2 yaktaurs (D:14)
  An ancient zyme (Lair:5)
  3 tengu conjurers
  20 polar bears
  A merfolk (Lair:3)
  2 meliai (shapeshifter)
  12 trolls
  17 blink frogs
  13 small abominations (Lair:5)
  6 slime creatures
  Sigmund (D:3)
  A jumping spider (D:10)
  2 shadows (D:11)
  3 wyverns
  2 ynoxinuls (Lair:5)
  7 basilisks
  Eustachio (D:6)
  A vampire (D:13)
  A hog (D:14)
  3 fire bats (Volcano)
  8 humans (D:14)
  5 wraiths
  83 yaks
  A redback simulacrum (D:14)
  2 steam dragons (D:8)
  2 chaos spawn (Lair:5)
  10 vampire mosquitoes
  7 wargs
  3 hell hounds (Volcano)
  4 acid dragons
  19 nagas
  10 water moccasins
  A meliai simulacrum (D:15)
  A swamp drake (D:12)
  23 orc warriors
  A sky beast (D:7)
  25 ogres
  4 black bears
  A wolf (shapeshifter) (Lair:5)
  22 wolves
  4 boggarts (D:14)
  11 centaurs
  7 kobold brigands
  3 gnoll sergeants
  11 bullfrogs
  4 scorpions
  2 water moccasin zombies (Ossuary)
  16 wights
  10 killer bees
  3 electric eels
  13 howler monkeys
  2 bullfrog zombies (D:4)
  3 gnoll boudas
  17 orc priests
  A centaur skeleton (D:4)
  4 hounds
  2 jellies
  A sleepcap (D:5)
  Crazy Yiuf (D:3)
  An iguana (D:6)
  22 orc wizards
  A boggart simulacrum (D:14)
  3 mummies
  21 gnolls
  3 adders
  4 ufetubi
  3 adder zombies (Ossuary)
  2 worms
  9 dart slugs
  76 orcs
  6 ball pythons
  11 endoplasms
  3 giant cockroaches
  7 goblins
  9 hobgoblins
  6 jackals
  3 quokkas
  2 bats
  2 frilled lizards
  3 gnoll zombies (Ossuary)
  5 hobgoblin zombies (Ossuary)
  21 kobolds
  6 kobold zombies (Ossuary)
  2 orc zombies (Ossuary)
  11 rats
  A spectral kobold (D:3)
  A fire vortex (D:15)
931 creatures vanquished.

Vanquished Creatures (collateral kills)
  Louise (D:15)
  Erolcha (Orc:1)
  2 two-headed ogres (Orc:1)
  A deep elf pyromancer (D:15)
  A troll (Orc:1)
  An orc (Orc:1)
7 creatures vanquished.

Vanquished Creatures (others)
  A black mamba (Snake:3)
  2 humans (D:14)
  A vampire mosquito (D:15)
  A naga (Snake:3)
  A hornet simulacrum (D:15)
  An orc (D:12)
  10 fungi
  17 plants
  3 withered plants (D:15)
37 creatures vanquished.

Grand Total: 975 creatures vanquished

Notes
Turn   | Place    | Note
-------+----------+-------------------------------------------
     0 | D:1      | Armakuni the Merfolk Monk began the quest for the Orb.
     0 | D:1      | Reached XP level 1. HP: 18/18 MP: 1/1
    61 | D:1      | Reached XP level 2. HP: 24/24 MP: 2/2
   379 | D:1      | Reached XP level 3. HP: 14/30 MP: 3/3
  1008 | D:2      | Found a shadowy altar of Dithmenos.
  1111 | D:2      | Reached XP level 4. HP: 38/38 MP: 4/4
  1578 | D:2      | Reached skill level 5 in Long Blades
  1694 | D:3      | Reached XP level 5. HP: 39/43 MP: 5/5
  1798 | D:3      | Noticed Sigmund
  1839 | D:3      | Killed Sigmund
  1840 | D:3      | Reached skill level 5 in Fighting
  1840 | D:3      | Reached XP level 6. HP: 45/52 MP: 6/6
  1938 | D:3      | Found a runed translucent door.
  1938 | D:3      | Identified the +9 hammer "Poanaze" {heavy, Int+3}
  1939 | D:3      | Noticed Crazy Yiuf
  1948 | D:3      | Killed Crazy Yiuf
  1985 | D:3      | Found a faded altar of an unknown god.
  2144 | D:3      | Found Taroozae's Weapon Shoppe.
  2473 | D:4      | Found a runed translucent gate.
  2503 | D:4      | Found a runed translucent gate.
  2503 | D:4      | Found a runed translucent gate.
  2617 | D:4      | Noticed Raspi's ghost (novice MiAr)
  2988 | D:4      | Found a staircase to the Ecumenical Temple.
  3006 | Temple   | Entered the Ecumenical Temple
  3035 | Temple   | Became a worshipper of Gozag Ym Sagoz the Greedy
  3127 | D:4      | Found a glowing golden altar of the Shining One.
  3167 | D:4      | Found an iron altar of Okawaru.
  3397 | D:5      | Entered Level 5 of the Dungeon
  3430 | D:5      | Reached XP level 7. HP: 59/59 MP: 7/7
  4357 | D:6      | Reached XP level 8. HP: 67/67 MP: 8/8
  4421 | D:6      | Noticed Eustachio
  4464 | D:6      | Killed Eustachio
  4751 | D:7      | Identified the +7 short sword of Fate {flame, Str+7 Int+4}
  4818 | D:7      | Identified the +0 pair of gloves "Vicvum" {Rampage rCorr
                  | Str-3}
  5012 | D:7      | Reached skill level 10 in Long Blades
  5017 | D:7      | Reached XP level 9. HP: 67/76 MP: 9/9
  5038 | D:7      | Found a broken altar of Ashenzari.
  5045 | D:7      | Noticed a two-headed ogre
  5059 | D:7      | Killed a two-headed ogre
  5060 | D:7      | Reached skill level 10 in Fighting
  5222 | D:7      | Found a sand-covered staircase.
  5235 | Ossuary  | Entered an ossuary
  5593 | D:4      | Killed Raspi's ghost
  5594 | D:4      | Reached XP level 10. HP: 45/85 MP: 10/10
  6250 | D:8      | Found a white marble altar of Elyvilon.
  6337 | D:8      | Found Jyuphipa's Antique Armour Shop.
  6342 | D:8      | Bought a glowing scale mail for 175 gold pieces
  6700 | D:8      | Noticed a cyan ugly thing
  6717 | D:8      | Reached skill level 5 in Dodging
  6754 | D:8      | Reached skill level 6 in Dodging
  6840 | D:8      | Reached skill level 7 in Dodging
  6854 | D:8      | Killed a cyan ugly thing
  6855 | D:8      | Reached skill level 8 in Dodging
  7131 | D:8      | Found a hide-covered altar of Uskayaw.
  7172 | D:8      | Reached skill level 9 in Dodging
  7361 | D:9      | Reached skill level 10 in Dodging
  7369 | D:9      | Reached skill level 1 in Armour
  7443 | D:9      | Reached XP level 11. HP: 82/90 MP: 11/11
  7561 | D:9      | Noticed a cyclops
  7573 | D:9      | Killed a cyclops
  8186 | D:9      | Found a radiant altar of Vehumet.
  8228 | D:10     | Entered Level 10 of the Dungeon
  8233 | D:10     | Reached skill level 1 in Shields
  8688 | D:10     | Found a staircase to the Lair.
  8752 | D:10     | Reached skill level 5 in Armour
  9060 | D:10     | Noticed Snorg
  9080 | D:10     | Killed Snorg
  9211 | Lair:1   | Entered Level 1 of the Lair of Beasts
  9241 | Lair:1   | Bought a brightly glowing trident for 297 gold pieces
  9241 | Lair:1   | Identified the +5 trident of the Glamorous God {freeze,
                  | rPois rC+ Dex+3} (You bought it in a shop on level 1 of the
                  | Lair of Beasts)
  9268 | Lair:1   | Reached skill level 1 in Polearms
  9402 | Lair:1   | Reached skill level 5 in Polearms
  9435 | Lair:1   | Reached XP level 12. HP: 55/97 MP: 12/12
 10118 | Lair:1   | Reached skill level 10 in Polearms
 10441 | Lair:2   | Found the +16 obsidian axe {drain, demonic, Mesm Drain Fly
                  | SInv}
 10903 | Lair:2   | Reached skill level 5 in Shields
 11070 | Lair:2   | Reached XP level 13. HP: 103/103 MP: 13/13
 11638 | Lair:3   | Found a staircase to the Shoals.
 11805 | Lair:3   | Found a staircase to the Snake Pit.
 11884 | Lair:3   | Found a dark tunnel.
 11889 | Volcano  | Entered a volcano
 13426 | Lair:5   | Entered Level 5 of the Lair of Beasts
 13824 | Lair:5   | Found a viscous altar of Jiyva.
 13824 | Lair:5   | Found a staircase to the Slime Pits.
 13947 | Lair:5   | Reached XP level 14. HP: 87/110 MP: 14/14
 13981 | Lair:5   | Reached skill level 10 in Armour
 13985 | Lair:5   | Reached skill level 1 in Evocations
 14439 | Lair:5   | Reached skill level 5 in Evocations
 15276 | Lair:5   | Reached skill level 11 in Dodging
 15396 | Lair:5   | Found a corrupted altar of Lugonu.
 15396 | Lair:5   | Found a one-way gate to the infinite horrors of the Abyss.
 15764 | D:11     | Noticed sanka's ghost (journeyman DgEn)
 15765 | D:11     | Found a runed translucent door.
 15931 | D:11     | Reached skill level 12 in Dodging
 16394 | D:12     | Found Cacwi's Armour Shop.
 16400 | D:12     | Bought +0 swamp dragon scales for 700 gold pieces
 16498 | D:12     | Noticed Josephine
 16551 | D:12     | Killed Josephine
 16768 | D:12     | Found a runed translucent door.
 16782 | D:12     | Found a runed translucent door.
 16803 | D:12     | Found Vaca's Jewellery Emporium.
 16810 | D:12     | Bought the ring "Muor" {rC+ Will+ MP+9 Str+6} for 1117 gold
                  | pieces
 16888 | D:12     | Found a runed translucent door.
 17106 | D:12     | Found a staircase to the Orcish Mines.
 17267 | Orc:1    | Entered Level 1 of the Orcish Mines
 17267 | Orc:1    | Noticed Erolcha
 17274 | Orc:1    | Killed Erolcha
 17275 | Orc:1    | Reached skill level 13 in Dodging
 17297 | Orc:1    | Reached XP level 15. HP: 108/121 MP: 15/15
 17832 | Orc:2    | Entered Level 2 of the Orcish Mines
 18027 | Orc:1    | Reached skill level 14 in Dodging
 18165 | Orc:2    | Found a staircase to the Elven Halls.
 18357 | Orc:2    | Found a frozen archway.
 18419 | IceCv    | Entered an ice cave
 18492 | IceCv    | Reached skill level 15 in Dodging
 18823 | IceCv    | Noticed a frost giant
 18869 | IceCv    | Killed a frost giant
 18992 | IceCv    | Identified the ring "Fass" {*Corrode rPois rF++ Str+5}
 19363 | Orc:2    | Reached skill level 16 in Dodging
 19401 | Orc:2    | Found Quesh's Distillery.
 19413 | Orc:2    | Found Uptab's Magic Scroll Boutique.
 19418 | Orc:2    | Found Astrif's Distillery.
 19420 | Orc:2    | Bought a potion of might for 64 gold pieces
 19420 | Orc:2    | Bought a potion of might for 64 gold pieces
 19420 | Orc:2    | Bought a potion of mutation for 128 gold pieces
 19420 | Orc:2    | Bought a potion of ambrosia for 128 gold pieces
 19425 | Orc:2    | Bought a scroll of blinking for 105 gold pieces
 19425 | Orc:2    | Bought a scroll of enchant weapon for 105 gold pieces
 19425 | Orc:2    | Bought a scroll of enchant armour for 105 gold pieces
 19425 | Orc:2    | Bought a scroll of teleportation for 42 gold pieces
 19427 | Orc:2    | Found Erchueh's Weapon Shop.
 19437 | Orc:2    | Bought a potion of heal wounds for 75 gold pieces
 20470 | Orc:2    | Bought a potion of might for 60 gold pieces
 20470 | Orc:2    | Bought a potion of might for 60 gold pieces
 20470 | Orc:2    | Bought 2 potions of berserk rage for 150 gold pieces
 20490 | Orc:2    | Bought a potion of invisibility for 128 gold pieces
 20583 | D:13     | Found Zeden's Demolitions Depot.
 21033 | D:13     | Reached XP level 16. HP: 134/134 MP: 16/16
 21265 | D:14     | Noticed Kirke
 21269 | D:14     | Noticed a sphinx
 21300 | D:14     | Reached skill level 15 in Fighting
 21310 | D:14     | Killed Kirke
 21720 | D:14     | Reached skill level 17 in Dodging
 22071 | D:14     | Identified the +3 plate armour of Analysis {Contam Harm
                  | rElec rC+}
 22127 | D:14     | Found a gate to the Vaults.
 23003 | D:15     | Entered Level 15 of the Dungeon
 23089 | D:15     | Found a staircase to the Depths.
 23608 | D:15     | Reached skill level 10 in Shields
 23662 | D:15     | Got the Vellum of the Boreal Syncline
 23996 | D:15     | Noticed Louise
 24015 | D:15     | Killed Louise
 24493 | Lair:1   | Bought a bloodstained long sword for 263 gold pieces
 24493 | Lair:1   | Identified the +9 long sword "Woenkioha" {drain, rElec
                  | rPois rF- Will+} (You bought it in a shop on level 1 of the
                  | Lair of Beasts)
 24493 | Lair:1   | Bought a runed scimitar for 217 gold pieces
 24493 | Lair:1   | Bought a runed scimitar for 217 gold pieces
 24577 | Snake:1  | Entered Level 1 of the Snake Pit
 24650 | Snake:1  | Reached skill level 1 in Ranged Weapons
 24741 | Snake:1  | Reached XP level 17. HP: 125/142 MP: 17/17
 25420 | Snake:2  | Reached skill level 5 in Ranged Weapons
 25866 | Snake:2  | Identified the +0 ring mail of Vehumet's Benevolence {MP+9
                  | Str+2 Dex+2}
 26022 | Snake:2  | Identified the +0 chain mail "Ononybat" {Int+6}
 26758 | Snake:3  | Noticed Mara
 26762 | Snake:3  | Noticed Armakuni's illusion
 26776 | Snake:3  | Noticed Armakuni's illusion
 27002 | Snake:3  | Noticed Armakuni's illusion
 27004 | Snake:3  | Killed Mara
 27460 | Snake:4  | Entered Level 4 of the Snake Pit
 27482 | Snake:3  | HP: 7/142 [black mamba (3)]
 27482 | Snake:3  | Killed from afar by a shock serpent

Illustrated notes

Levels and vault maps discovered:
D:1:      psy_arrival_fountain, layout_loops_ring, st_stairs_9
D:2:      layout_basic, basic_altar
D:3:      kennysheep_slugbush, layout_basic,
          dreamdust_ecumenical_altar_drowned_temple, serial_shops, shop,
          uniq_sigmund, uniq_crazy_yiuf_cottage
D:4:      layout_gridville, mainiacjoe_overflow_catch_the_wave,
          minmay_temple_entry_tees, gammafunk_ghost_necromancy
D:5:      layout_basic, lexackson_kobold_supper
D:6:      layout_rooms, due_unseen_surprise, uniq_eustachio
D:7:      layout_basic, nicolae_ashenzari_skybound, gup_ossuary_entry_pyramid
D:8:      minmay_clustersquares, layout_loops_ring, elyvilon_altar_1,
          nicolae_overflow_crystal_walls, serial_shops,
          nicolae_shop_just_a_little_nook, nicolae_water_bricks,
          hangedman_abyss_or_decor_stagger, kennysheep_generic_room_10
D:9:      layout_roguey, mainiacjoe_overflow_alcove_1, minmay_fractal_squares_5
D:10:     layout_long_grid, lair_entry_dummy, st_stairs_12, grunt_ministairs_2,
          kennysheep_generic_room_3, uniq_snorg
D:11:     layout_basic, gammafunk_ghost_grave
D:12:     layout_rooms, erik_orc_1, serial_shops, nicolae_shop_tiny_waterfront,
          nicolae_shop_crystal, mikee_hates_you, uniq_josephine
D:13:     layout_roguey, nicolae_blasting_shop
D:14:     layout_basic, ximxim_vaults_locker_room,
          nicolae_kite_square_tiling_tiny, einodemon_crawler_minivault,
          uniq_kirke
D:15:     gammafunk_depths_entry_grave, layout_long_grid,
          nicolae_lava_and_water, minmay_bent, uniq_louise
Temple:   lightli_temple_of_artemis
Lair:1:   layout_loops_ring, lemuel_fruit_fields
Lair:2:   layout_regular_city, st_stairs_11, minivault_19,
          dreamdust_deal_with_the_devil, serial_bayou_pond_e
Lair:3:   layout_regular_city, elwin_shoals_entry_rooms, dummy_snake_entry,
          nicolae_volcano_entry_s_turn, grunt_megastairs_2,
          infiniplex_staircase_pool_2
Lair:4:   layout_long_grid, gammafunk_lair_bear_cave
Lair:5:   hellmonk_lair_end_abyssal_woods, layout_loops_ring, slime_entry_1
Snake:1:  layout_misc_corridors, nicolae_integral_box
Snake:2:  layout_onion_interference, lemuel_fruit_tree
Snake:3:  layout_concentric_octagons, uniq_mara
Snake:4:  hellmonk_snake_rune_quicksilver_temple, layout_cave_shapes,
          special_room
Orc:1:    layout_caves, uniq_erolcha
Orc:2:    st_orc_open, layout_caves, portal_ice_cave_entry_animals_and_master,
          nicolae_orc_stony_grotto, nooodl_orcs_dogs

Skill      XL: |  1  2  3  4  5  6  7  8  9 10 11 12 13 14 15 16 17 |
---------------+----------------------------------------------------+-----
Long Blades    | 4 5 6 7 8 10 13 14 | 14.1
Fighting       | 4 5 6 7 9 10 12 14 15 | 15.5
Dodging        | 10 13 16 17 | 17.2
Armour         | 2 5 9 10 | 10.0
Shields        | 4 5 7 11 | 11.4
Polearms       | 6 14 | 14.0
Evocations     | 5 |  5.0
Ranged Weapons | 2 9 |  9.1

Action                     |  1- 3 |  4- 6 |  7- 9 | 10-12 | 13-15 | 16-18 || total
---------------------------+-------+-------+-------+-------+-------+-------++-------
  Melee: Falchion          |    71 |   127 |   135 |       |   184 |       ||   517
         Tailslap          |       |     3 |       |     1 |    17 |       ||    21
         Short sword       |       |       |   175 |   629 |       |       ||   804
         Trident           |       |       |       |   305 |   884 |       ||  1189
         Long sword        |       |       |       |       |   876 |   821 ||  1697
         Scimitar          |       |       |       |       |       |   356 ||   356
   Fire: Hand crossbow     |       |       |       |       |       |    26 ||    26
  Throw: Throwing net      |       |       |     1 |     2 |     2 |       ||     5
         Dart              |       |       |       |     2 |    15 |       ||    17
 Invoke: Call Merchant     |       |       |       |     2 |       |     3 ||     5
         Potion Petition   |       |       |       |       |     1 |       ||     1
  Evoke: Wand              |       |       |       |     2 |    22 |    12 ||    36
         Phantom mirror    |       |       |       |       |     2 |     1 ||     3
         Tin of tremorston |       |       |       |       |       |     4 ||     4
         Box of beasts     |       |       |       |       |       |     1 ||     1
    Use: Scroll            |     6 |     7 |     9 |     2 |    21 |    17 ||    62
         Potion            |       |       |       |     2 |     5 |     7 ||    14
   Stab: Distracted        |       |       |     3 |     6 |     9 |     7 ||    25
         Held in net/web   |       |       |       |     2 |       |       ||     2
         Paralysed         |       |       |       |     3 |    17 |    19 ||    39
         Sleeping          |       |       |       |       |     4 |       ||     4
         Petrified         |       |       |       |       |     2 |       ||     2
         Confused          |       |       |       |       |     1 |       ||     1
         Petrifying        |       |       |       |       |     1 |       ||     1
 Armour: Leather armour    |     7 |     6 |       |       |   124 |       ||   137
         Robe              |     1 |       |       |       |       |       ||     1
         Ring mail         |       |    34 |   104 |    11 |       |       ||   149
         Scale mail        |       |       |       |   189 |    42 |       ||   231
         Swamp dragon scal |       |       |       |       |   221 |   357 ||   578
  Dodge: Dodged            |    43 |    55 |   208 |   470 |  1136 |   834 ||  2746
  Block: Buckler           |       |       |       |   205 |   689 |   107 ||  1001
         Kite shield       |       |       |       |       |       |   628 ||   628
